 Dungeon Crawl Stone Soup version 0.22.0-16-gc6d26f6 (webtiles) character file.

155 Amnesiac the Vandal (level 5, -9/41 HPs)
             Began as a Mummy Hunter on Aug 17, 2018.
             Killed from afar by Ijyb (18 damage)
             ... with a wand of acid (6)
             ... on level 3 of the Dungeon.
             The game lasted 00:02:39 (2250 turns).

Amnesiac the Vandal (Mummy Hunter)                  Turns: 2250, Time: 00:02:40

Health: -9/41      AC:  8    Str: 16    XL:     5   Next: 14%
Magic:  5/5        EV:  7    Int: 11    God:
Gold:   109        SH:  0    Dex: 12    Spells: 4/4 levels left

rFire    x . .     SeeInvis .   a - +1 hunting sling
rCold    + . .     Gourm    .   (no shield)
rNeg     + + +     Faith    .   m - +0 chain mail
rPois    ∞         Spirit   .   (no helmet)
rElec    .         Reflect  .   (no cloak)
rCorr    .         Harm     .   (no gloves)
MR       .....                  (no boots)
Stlth    ..........             (no amulet)
HPRegen  0.13/turn              (no ring)
MPRegen  0.09/turn              (no ring)

@: no status effects
A: no food or potions, fire vulnerability, cold resistance 1, negative energy
resistance 3, torment resistance, unbreathing
a: no special abilities


You were on level 3 of the Dungeon.
You were not hungry.

You visited 1 branch of the dungeon, and saw 3 of its levels.

You collected 109 gold pieces.

Inventory:

Hand Weapons
 a - a +1 hunting sling (weapon)
 b - a +0 short sword
Missiles
 d - 51 sling bullets (quivered)
 f - 80 stones
Armour
 m - a +0 chain mail (worn)
Scrolls
 e - 2 scrolls of fear {!r, unknown}
 g - 4 scrolls of teleportation {!r, unknown}
 h - 3 scrolls of remove curse {!r}
 i - 3 scrolls of identify {!r, unknown}
 k - a scroll of enchant weapon {!r, unknown}
 l - 4 scrolls of random uselessness {!r, unknown}


   Skills:
 + Level 3.4 Fighting
 * Level 4.8 Slings
 - Level 1.5 Dodging
 - Level 0.7 Stealth


You had 4 spell levels left.
You didn't know any spells.
Your spell library was empty.

Dungeon Overview and Level Annotations

Branches:
Dungeon (3/15)

Altars:
The Shining One

Annotations:
D:3 Ijyb


Innate Abilities, Weirdness & Mutations

You do not eat or drink.
Your flesh is vulnerable to fire.
You are immune to poison.
Your flesh is cold resistant. (rC+)
You are immune to negative energy. (rN+++)
You are immune to unholy pain and torment.
You can survive without breathing.


Message History

You have reached level 5!
You feel clever.
You start resting.
HP restored.
Ijyb the Twisted Goblin comes into view.
She is wielding a dagger.
Ijyb shouts!
You hear a shout! x2
Things that are here:
4 sling bullets; 6 stones; the felid corpse of Natasha Firing (i - inventory. (/) - cycle)
d - 58 sling bullets (quivered)
Press: ? - help, Shift-Dir - straight line, f - Ijyb
Aim: Ijyb, wielding a dagger and wearing a leather armour You shoot a sling bullet.
The sling bullet closely misses Ijyb.
Firing (i - inventory. (/) - cycle)
d - 57 sling bullets (quivered)
Press: ? - help, Shift-Dir - straight line, f/p - Ijyb
Aim: Ijyb, wielding a dagger and wearing a leather armour You shoot a sling bullet.
The sling bullet hits Ijyb but does no damage.
Firing (i - inventory. (/) - cycle)
d - 56 sling bullets (quivered)
Press: ? - help, Shift-Dir - straight line, f/p - Ijyb
Aim: Ijyb, wielding a dagger and wearing a leather armour You shoot a sling bullet.
The sling bullet barely misses Ijyb.
Firing (i - inventory. (/) - cycle)
d - 55 sling bullets (quivered)
Press: ? - help, Shift-Dir - straight line, f/p - Ijyb
Aim: Ijyb, wielding a dagger and wearing a leather armour You shoot a sling bullet.
The sling bullet barely misses Ijyb.
No target in view!
No target in view!
No target in view!
No target in view!
Firing (i - inventory. (/) - cycle)
d - 54 sling bullets (quivered)
Press: ? - help, Shift-Dir - straight line, f/p - Ijyb
Aim: Ijyb, wielding a dagger and wearing a leather armour You shoot a sling bullet.
The sling bullet hits Ijyb.
Ijyb is lightly wounded.
Firing (i - inventory. (/) - cycle)
d - 53 sling bullets (quivered)
Press: ? - help, Shift-Dir - straight line, f/p - Ijyb
Aim: Ijyb, wielding a dagger and wearing a leather armour (lightly wounded)
You shoot a sling bullet.
The sling bullet hits Ijyb but does no damage.
Ijyb is lightly wounded.
Firing (i - inventory. (/) - cycle)
d - 52 sling bullets (quivered)
Press: ? - help, Shift-Dir - straight line, f/p - Ijyb
Aim: Ijyb, wielding a dagger and wearing a leather armour (lightly wounded)
You shoot a sling bullet.
The sling bullet hits Ijyb but does no damage.
Ijyb is lightly wounded.
Ijyb zaps a wand.
The bolt of acid hits you!
You are splashed with acid!
The acid burns!
* * * LOW HITPOINT WARNING * * *
It is a wand of acid (6).
You are too injured to fight recklessly!
You are too injured to fight recklessly!
Found 12 gold pieces.
You see here a stone.
You aren't carrying any items that you can evoke.
A goblin comes into view.
The goblin shouts!
The goblin wields a hunting sling.
The goblin shoots a stone.
The stone closely misses you.
You see here a sling bullet.
The goblin shoots a stone.
The stone hits you.
* * * LOW HITPOINT WARNING * * *
Ijyb zaps a wand.
The bolt of acid hits you!
You die...

#.# #.# #g# .# #.#
.# #.# #.# #(# #.#
#(# #.### ######(#
..^.#
####...##(######.#
..... ..
#..g.@..$...#
..#.#
.###.#(##(########
..#.##.....#(.(.#
..#.#...#######.#
..#.#......#....#
..#.#..###.#.####
.......# #.#.#
....#.## #...#
..###.# ##.##


You could see Ijyb and a goblin.

Vanquished Creatures
  Natasha (D:3)
  Terence (D:3)
  5 adders
  2 oozes (D:1)
  A worm (D:3)
  2 dart slugs
  2 ball pythons
  4 goblins
  7 hobgoblins
  8 bats
  7 frilled lizards
  6 kobolds
  7 rats
53 creatures vanquished.

Notes
Turn   | Place    | Note
-------+----------+-------------------------------------------
     0 | D:1      | Amnesiac the Mummy Hunter began the quest for the Orb.
     0 | D:1      | Reached XP level 1. HP: 16/16 MP: 1/1
   137 | D:1      | Reached XP level 2. HP: 8/22 MP: 2/2
   766 | D:1      | Reached XP level 3. HP: 27/28 MP: 3/3
   984 | D:1      | Found a glowing golden altar of the Shining One.
  1270 | D:2      | Reached skill level 4 in Slings
  1470 | D:2      | Reached XP level 4. HP: 34/34 MP: 4/4
  1766 | D:3      | Found a faded altar of an unknown god.
  1960 | D:3      | Noticed Terence
  1989 | D:3      | Killed Terence
  2159 | D:3      | Noticed Natasha
  2174 | D:3      | Killed Natasha
  2174 | D:3      | Reached XP level 5. HP: 25/41 MP: 5/5
  2237 | D:3      | Noticed Ijyb
  2250 | D:3      | Killed from afar by Ijyb

Skill      XL: |  1  2  3  4 |
---------------+-------------+-----
Slings         | 4 |  4.8
Fighting       | 3 |  3.4
Dodging        | |  1.5
Stealth        | |  0.7

Action                   |  1- 3 |  4- 6 || total
-------------------------+-------+-------++-------
Melee: Short sword       |    85 |       ||    85
 Fire: Hunting sling     |    49 |   104 ||   153
  Use: Scroll            |       |     1 ||     1
 Stab: Sleeping          |     1 |       ||     1
Armor: Leather armour    |    31 |     1 ||    32
       Chain mail        |       |    22 ||    22
Dodge: Dodged            |    69 |    20 ||    89
